Sharks vs Jets

Created - 15 février 2017 at 23:55

Goals
1 2 3 T
Sharks 2 1 1 4
Jets 0 1 1 2
Shots
1 2 3 T
Sharks 14 11 6 31
Jets 8 8 16 32

1st period

1. Sharks , Nick Palmieri 1 (Kim Johnsson, Oskar Osala) at 1:28
2. Sharks , Brad Boyes 26 (David Legwand, Mike Green) at 2:02

Penalties :
Dmitri Kalinin (Win) for Fighting (Major) at 0:23, Mark Streit (SJS) for Fighting (Major) at 0:23, Mike Green (SJS) for High sticking (Minor) at 10:11, Benoit Pouliot (Win) for Hooking (Minor) at 13:39, Derek Stepan (Win) for Interference (Minor) at 18:57

2nd period

3. Jets , Derek Roy 21 (Dmitri Kalinin) at 0:08 (SH)
4. Sharks , Cal Clutterbuck 12 (Mike Green, Antoine Vermette) at 10:06 (PP)

Penalties :
Michael Rupp (Win) for Hooking (Minor) at 4:36, Kari Lehtonen (Win) for Slashing (Minor) at 9:30 - Greg Zanon served the penalty, Greg Campbell (SJS) for Roughing (Minor) at 14:11, Ryane Clowe (SJS) for Slashing (Minor) at 18:09

3rd period

5. Jets , Benoit Pouliot 24 (Derek Roy, Dustin Brown) at 0:14
6. Sharks , David Legwand 28 (Brad Boyes) at 18:43 (PP)

Penalties :
Lasse Kukkonen (SJS) for Slashing (Minor) at 0:41, Marco Scandella (Win) for Holding (Minor) at 7:14, Oskar Osala (SJS) for Goalie Interference (Minor) at 11:35, Oskar Osala (SJS) for Kneeing (Minor) at 14:09, Derek Stepan (Win) for Hooking (Minor) at 18:40

Goalie Stats

Cam Ward (SJS), 30 saves from 32 shots - (0,938), W, 19-22-4, 60:00 minutes
Kari Lehtonen (Win), 27 saves from 31 shots - (0,871), L, 13-16-3, 60:00 minutes

Players Stats for Sharks

Player Name              G  A  P  +/- PIM S  H  SB GA TA FO     MP     PP MP  PK MP  
------------------------------------------------------------------------------------
Andrej Sekera            0  0  0   0  0   0  1  0  0  0  0/0    14:37   0:00   4:36 
Antoine Vermette         0  1  1   0  0   2  0  0  0  0  8/17   18:26   3:31   5:16 
Boris Valabik            0  0  0   0  0   0  0  2  0  0  0/0    13:02   0:00   2:08 
Brad Boyes               1  1  2   0  0   5  0  0  0  0  2/2    17:05   4:57   0:00 
Cal Clutterbuck          1  0  1  -1  0   5  3  1  1  1  2/3    23:19   3:19   6:17 
David Legwand            1  1  2   0  0   3  3  1  2  0  15/26  18:21   5:04   1:30 
Derek Boogaard           0  0  0   0  0   3  1  2  0  1  1/2    21:03   4:38   4:43 
Greg Campbell            0  0  0   0  2   0  0  2  0  0  5/12   15:52   0:00   4:59 
Kevin Shattenkirk        0  0  0   1  0   0  0  0  0  0  0/0     3:39   0:00   0:21 
Kim Johnsson             0  1  1   0  0   1  0  3  2  1  0/0    22:48   3:17   6:32 
Lasse Kukkonen           0  0  0   0  2   2  2  2  1  1  0/0    22:58   5:18   3:46 
Mark Streit              0  0  0   0  5   0  0  1  0  1  0/0    15:36   3:17   0:35 
Mike Green               0  2  2  -1  2   1  2  0  0  0  0/0    27:26   5:18   5:50 
Nick Palmieri            1  0  1   1  0   6  0  0  0  0  0/0    12:39   0:00   0:00 
Oskar Osala              0  1  1   1  4   3  0  0  2  0  0/0    11:31   0:00   0:00 
Patrick O'Sullivan       0  0  0   0  0   0  0  0  0  0  1/3     8:27   0:00   0:09 
Ryane Clowe              0  0  0  -1  2   0  1  0  0  0  0/0    14:10   3:31   0:54 
Tuomo Ruutu              0  0  0   0  0   0  1  0  0  0  0/1     7:00   0:45   0:00 

Players Stats for Jets

Player Name              G  A  P  +/- PIM S  H  SB GA TA FO     MP     PP MP  PK MP  
------------------------------------------------------------------------------------
Anton Volchenkov         0  0  0   0  0   0  2  2  0  1  0/0    27:06   7:03   3:25 
Benoit Pouliot           1  0  1   0  2   4  2  2  0  0  1/2    19:40   6:42   1:34 
Blake Wheeler            0  0  0   0  0   1  2  1  0  0  1/3    22:40   4:59   4:48 
Derek Roy                1  1  2   1  0   6  1  0  0  0  13/32  23:38   6:42   4:48 
Derek Stepan             0  0  0   0  4   3  0  0  0  0  3/7    13:38   4:59   0:00 
Dmitri Kalinin           0  1  1   2  5   3  1  1  0  1  0/0    22:53   7:03   4:39 
Dustin Brown             0  1  1   1  0   2  4  0  1  1  0/0    21:00   6:42   3:02 
Eric Fehr                0  0  0   0  0   1  0  0  1  1  0/0     8:04   0:13   0:00 
Eric Gelinas             0  0  0  -1  0   0  0  0  0  0  0/0    12:24   0:00   0:00 
Fredrik Sjostrom         0  0  0  -1  0   1  0  0  0  0  0/0     8:43   0:13   0:33 
Greg Zanon               0  0  0   0  0   0  3  0  1  2  0/0    17:34   0:00   5:10 
Jussi Jokinen            0  0  0   0  0   1  1  0  0  0  0/0    13:00   4:59   0:00 
Lee Stempniak            0  0  0  -1  0   2  0  0  0  0  0/0     7:41   0:00   0:00 
Marco Scandella          0  0  0   0  2   2  3  1  0  0  0/0    19:28   4:51   0:31 
Michael Rupp             0  0  0   0  2   2  1  0  0  0  0/1    13:07   0:00   1:40 
Michal Rozsival          0  0  0  -1  0   0  2  3  1  2  0/0    20:57   4:51   3:25 
Mikko Koivu              0  0  0   0  0   0  1  0  1  0  11/16  12:05   0:13   0:45 
Zack Hamill              0  0  0  -1  0   4  1  0  0  0  3/5     7:41   0:00   0:00 

3 Stars

1 - David Legwand (SJS)
2 - Derek Roy (Win)
3 - Brad Boyes (SJS)

Power Play

Sharks - 2 on 6 Attempt(s) - 33,33%
Jets - 0 on 6 Attempt(s) - 0,00%

Penalty Kill

Sharks - 6 on 6 Attempt(s) - 100,00% - Score 0 goal in Penalty Kill
Jets - 4 on 6 Attempt(s) - 66,67% - Score 1 goal in Penalty Kill

Team Stat

Sharks - Hits : 14 - Faceoff Wins : 34 - Blocked Shots : 14 - Penalty Minutes : 17
Jets - Hits : 24 - Faceoff Wins : 32 - Blocked Shots : 10 - Penalty Minutes : 17

Official

Referees : Marouelli Dan and Dwyer Gord
Linesman : Pierre Racicot and Tony Sericolo

Game Notes

Mark Streit beats up Dmitri Kalinin at 0:23 of 1st period

Finance

Level 1 -- Attendance: 6000 (100,00%) -- Ticket Income 450 000 $
Level 2 -- Attendance: 4587 (91,74%) -- Ticket Income 229 350 $
Level 3 -- Attendance: 1959 (97,95%) -- Ticket Income 48 975 $
Level 4 -- Attendance: 3452 (86,30%) -- Ticket Income 62 136 $
Luxury Box -- Attendance: 964 (96,40%) -- Ticket Income 154 240 $
Game was played at the MTS Center.
Total Attendance: 16962 (94,23%)
Total Ticket Income: 944 701 $
Other Income: 141 705 $
Total Income: 1 086 406 $

Sharks

5 vs 5 Forward 
   Center                   Left Wing                Right Wing               Time % Phy DF OF 
 1 David Legwand            Derek Boogaard           Brad Boyes               40     3   1  1  
 2 Antoine Vermette         Ryane Clowe              Cal Clutterbuck          30     3   1  1  
 3 Greg Campbell            Oskar Osala              Nick Palmieri            20     3   1  1  
 4 Patrick O'Sullivan       Tuomo Ruutu              Cal Clutterbuck          10     3   1  1  

5 vs 5 Defense 
   Defense                  Defense                                           Time % Phy DF OF 
 1 Mike Green               Lasse Kukkonen                                    40     3   1  1  
 2 Kim Johnsson             Mark Streit                                       30     3   1  1  
 3 Andrej Sekera            Boris Valabik                                     20     3   1  1  
 4 Mike Green               Kevin Shattenkirk                                 10     3   1  1  

PowerPlay Forward 
   Center                   Left Wing                Right Wing               Time % Phy DF OF 
 1 David Legwand            Derek Boogaard           Brad Boyes               60     0   2  3  
 2 Antoine Vermette         Ryane Clowe              Cal Clutterbuck          40     0   2  3  

PowerPlay Defense
   Defense                  Defense                                           Time % Phy DF OF 
 1 Mike Green               Lasse Kukkonen                                    60     1   1  3  
 2 Kim Johnsson             Mark Streit                                       40     1   1  3  

Penalty Kill 4 Players Forward 
   Center                   Wing                     Time % Phy DF OF 
 1 Greg Campbell            Cal Clutterbuck          60     2   3  0  
 2 Derek Boogaard           Antoine Vermette         40     2   3  0  

Penalty Kill 4 Players Defense
   Defense                  Defense                  Time % Phy DF OF 
 1 Mike Green               Kim Johnsson             60     2   3  0  
 2 Andrej Sekera            Lasse Kukkonen           40     2   3  0  

Penalty Kill - 3 Players Forward 
   Forward                                           Time % Phy DF OF 
 1 Greg Campbell                                     60     2   3  0  
 2 Tuomo Ruutu                                       40     2   3  0  

Penalty Kill - 3 Players Defense
   Defense                  Defense                  Time % Phy DF OF 
 1 Mike Green               Kim Johnsson             60     2   3  0  
 2 Andrej Sekera            Lasse Kukkonen           40     2   3  0  

4 vs 4 Forward 
   Center                   Wing                     Time % Phy DF OF 
 1 David Legwand            Brad Boyes               60     3   1  1  
 2 Antoine Vermette         Nick Palmieri            40     3   1  1  

4 vs 4 Defense
   Defense                  Defense                  Time % Phy DF OF 
 1 Mike Green               Boris Valabik            60     3   1  1  
 2 Boris Valabik            Lasse Kukkonen           40     3   1  1  

Last Minutes Offensive
   Center                   Left Wing                Right Wing               Defense                  Defense                  
   David Legwand            Derek Boogaard           Brad Boyes               Mike Green               Kevin Shattenkirk        

Last Minutes Defensive
   Center                   Left Wing                Right Wing               Defense                  Defense                  
   David Legwand            Greg Campbell            Cal Clutterbuck          Mike Green               Kim Johnsson             

Goaltenders
Starting : Cam Ward                 
Backup : Mike Brodeur             

Extra Forwards
Normal : Cal Clutterbuck, Patrick O'Sullivan, Nick Palmieri - PP : Tuomo Ruutu, Patrick O'Sullivan - PK : Greg Campbell
Extra Defensemen
Normal : Andrej Sekera, Boris Valabik, Mark Streit - PP : Andrej Sekera - PK : Boris Valabik, Mark Streit
Penalty Shots
Tuomo Ruutu, Brad Boyes, Greg Campbell, Ryane Clowe, Antoine Vermette

Jets

5 vs 5 Forward 
   Center                   Left Wing                Right Wing               Time % Phy DF OF 
 1 Derek Roy                Benoit Pouliot           Blake Wheeler            36     0   2  3  
 2 Mikko Koivu              Michael Rupp             Dustin Brown             30     0   2  3  
 3 Derek Stepan             Jussi Jokinen            Eric Fehr                22     0   2  3  
 4 Zack Hamill              Fredrik Sjostrom         Lee Stempniak            12     0   2  3  

5 vs 5 Defense 
   Defense                  Defense                                           Time % Phy DF OF 
 1 Anton Volchenkov         Marco Scandella                                   40     2   2  1  
 2 Dmitri Kalinin           Michal Rozsival                                   35     2   2  1  
 3 Greg Zanon               Eric Gelinas                                      25     2   2  1  
 4 Eric Gelinas             Anton Volchenkov                                  0      1   2  2  

PowerPlay Forward 
   Center                   Left Wing                Right Wing               Time % Phy DF OF 
 1 Derek Roy                Benoit Pouliot           Dustin Brown             60     0   0  5  
 2 Derek Stepan             Jussi Jokinen            Blake Wheeler            40     0   0  5  

PowerPlay Defense
   Defense                  Defense                                           Time % Phy DF OF 
 1 Anton Volchenkov         Dmitri Kalinin                                    60     1   1  3  
 2 Marco Scandella          Michal Rozsival                                   40     1   1  3  

Penalty Kill 4 Players Forward 
   Center                   Wing                     Time % Phy DF OF 
 1 Derek Roy                Blake Wheeler            60     1   3  1  
 2 Dustin Brown             Michael Rupp             40     1   3  1  

Penalty Kill 4 Players Defense
   Defense                  Defense                  Time % Phy DF OF 
 1 Greg Zanon               Dmitri Kalinin           60     1   4  0  
 2 Anton Volchenkov         Michal Rozsival          40     1   4  0  

Penalty Kill - 3 Players Forward 
   Forward                                           Time % Phy DF OF 
 1 Blake Wheeler                                     60     0   4  1  
 2 Dustin Brown                                      40     1   3  1  

Penalty Kill - 3 Players Defense
   Defense                  Defense                  Time % Phy DF OF 
 1 Greg Zanon               Dmitri Kalinin           60     1   4  0  
 2 Marco Scandella          Anton Volchenkov         40     1   4  0  

4 vs 4 Forward 
   Center                   Wing                     Time % Phy DF OF 
 1 Derek Roy                Benoit Pouliot           60     1   2  2  
 2 Mikko Koivu              Dustin Brown             40     1   2  2  

4 vs 4 Defense
   Defense                  Defense                  Time % Phy DF OF 
 1 Anton Volchenkov         Michal Rozsival          60     1   2  2  
 2 Dmitri Kalinin           Marco Scandella          40     1   2  2  

Last Minutes Offensive
   Center                   Left Wing                Right Wing               Defense                  Defense                  
   Derek Roy                Benoit Pouliot           Dustin Brown             Dmitri Kalinin           Anton Volchenkov         

Last Minutes Defensive
   Center                   Left Wing                Right Wing               Defense                  Defense                  
   Derek Roy                Blake Wheeler            Dustin Brown             Dmitri Kalinin           Anton Volchenkov         

Goaltenders
Starting : Kari Lehtonen            
Backup : Jacob Markstrom          

Extra Forwards
Normal : Derek Roy, Dustin Brown, Benoit Pouliot - PP : Derek Roy, Dustin Brown - PK : Dustin Brown
Extra Defensemen
Normal : Anton Volchenkov, Marco Scandella, Dmitri Kalinin - PP : Anton Volchenkov - PK : Marco Scandella, Anton Volchenkov
Penalty Shots
Derek Roy, Dustin Brown, Benoit Pouliot, Blake Wheeler, Jussi Jokinen

% Time on Ice - Sharks

Lines # - Real PCT - Wanted PCT - Time Play
Normal Forward
1 - 31% - 40% - 12:05
2 - 25% - 30% - 9:46
3 - 29% - 20% - 11:26
4 - 16% - 10% - 6:14
Normal Defense
1 - 37% - 40% - 14:27
2 - 33% - 30% - 13:10
3 - 23% - 20% - 9:13
4 - 7% - 10% - 2:41
PP Forward
1 - 59% - 60% - 5:04
2 - 41% - 40% - 3:31
PP Defense
1 - 62% - 60% - 5:18
2 - 38% - 40% - 3:17
PK Forward
1 - 78% - 60% - 9:19
2 - 22% - 40% - 2:35
PK Defense
1 - 61% - 60% - 7:18
2 - 39% - 40% - 4:36
PK3 Forward
1 - 0% - 60%
2 - 0% - 40%
PK3 Defense
1 - 0% - 60%
2 - 0% - 40%
44 Forward
1 - 0% - 60%
2 - 0% - 40%
44 Defense
1 - 0% - 60%
2 - 0% - 40%
Last Minute Offensive  - 0:00
Last Minute Defensive  - 0:00
Total
Forward - 60:00
Defense - 60:00

% Time on Ice - Jets

Lines # - Real PCT - Wanted PCT - Time Play
Normal Forward
1 - 31% - 36% - 12:24
2 - 30% - 30% - 11:48
3 - 19% - 22% - 7:38
4 - 19% - 12% - 7:41
Normal Defense
1 - 37% - 40% - 14:40
2 - 32% - 35% - 12:27
3 - 31% - 25% - 12:24
4 - 0% - 0% - 0:00
PP Forward
1 - 58% - 60% - 6:55
2 - 42% - 40% - 4:59
PP Defense
1 - 59% - 60% - 7:03
2 - 41% - 40% - 4:51
PK Forward
1 - 70% - 60% - 5:59
2 - 30% - 40% - 2:36
PK Defense
1 - 60% - 60% - 5:10
2 - 40% - 40% - 3:25
PK3 Forward
1 - 0% - 60%
2 - 0% - 40%
PK3 Defense
1 - 0% - 60%
2 - 0% - 40%
44 Forward
1 - 0% - 60%
2 - 0% - 40%
44 Defense
1 - 0% - 60%
2 - 0% - 40%
Last Minute Offensive  - 0:00
Last Minute Defensive  - 0:00
Total
Forward - 60:00
Defense - 60:00

Play by Play

1st period


0:01 of 1st period - David Legwand wins face-off versus Derek Roy in neutral zone.
0:16 of 1st period - Backhand shot by Derek Boogaard.
0:16 of 1st period - Stopped by Kari Lehtonen without a rebound.
0:17 of 1st period - Mikko Koivu wins face-off versus Antoine Vermette in Jets zone.
0:23 of 1st period - Mark Streit beats up Dmitri Kalinin.
0:23 of 1st period - Penalty to Dmitri Kalinin for Fighting.
0:23 of 1st period - Penalty to Mark Streit for Fighting.
0:24 of 1st period - Derek Stepan wins face-off versus Greg Campbell in Sharks zone.
0:40 of 1st period - Slapshot by Jussi Jokinen.
0:40 of 1st period - Stopped by Cam Ward with a rebound.
0:50 of 1st period - Andrej Sekera is hit by Greg Zanon and loses puck.
1:06 of 1st period - Wrist shot by Oskar Osala.
1:06 of 1st period - Stopped by Kari Lehtonen with a rebound.
1:08 of 1st period - Wrist shot by Oskar Osala.
1:08 of 1st period - Shot Misses the Net.
1:26 of 1st period - Snap shot by Oskar Osala.
1:26 of 1st period - Stopped by Kari Lehtonen with a rebound.
1:28 of 1st period - Slapshot by Kim Johnsson.
1:28 of 1st period - Deflect By Nick Palmieri.
1:28 of 1st period - Goal by Nick Palmieri - Sharks : 1 - Jets : 0.
1:29 of 1st period - Mikko Koivu wins face-off versus Antoine Vermette in neutral zone.
1:32 of 1st period - Snap shot by Dustin Brown.
1:32 of 1st period - Stopped by Cam Ward without a rebound.
1:33 of 1st period - Antoine Vermette wins face-off versus Mikko Koivu in Sharks zone.
2:02 of 1st period - Snap shot by Brad Boyes.
2:02 of 1st period - Goal by Brad Boyes - Sharks : 2 - Jets : 0.
2:03 of 1st period - David Legwand wins face-off versus Benoit Pouliot in neutral zone.
2:55 of 1st period - Snap shot by Oskar Osala.
2:55 of 1st period - Stopped by Kari Lehtonen with a rebound.
3:45 of 1st period - Wrist shot by Lee Stempniak.
3:45 of 1st period - Deflect By Zack Hamill.
3:45 of 1st period - Stopped by Cam Ward with a rebound.
4:03 of 1st period - Greg Zanon is hit by Cal Clutterbuck and loses puck.
4:10 of 1st period - Andrej Sekera is hit by Greg Zanon and loses puck.
4:26 of 1st period - Wrist shot by Mike Green.
4:26 of 1st period - Shot Blocked by Anton Volchenkov.
4:28 of 1st period - Slapshot by Lasse Kukkonen.
4:28 of 1st period - Deflect By Anton Volchenkov.
4:28 of 1st period - Stopped by Kari Lehtonen without a rebound.
4:29 of 1st period - David Legwand wins face-off versus Derek Roy in Jets zone.
4:35 of 1st period - Wrist shot by David Legwand.
4:35 of 1st period - Stopped by Kari Lehtonen without a rebound.
4:36 of 1st period - David Legwand wins face-off versus Derek Roy in Jets zone.
4:37 of 1st period - Snap shot by Mike Green.
4:37 of 1st period - Deflect By Brad Boyes.
4:37 of 1st period - Shot Blocked by Marco Scandella.
4:37 of 1st period - Puck is out of play.
4:38 of 1st period - Derek Roy wins face-off versus David Legwand in Jets zone.
4:55 of 1st period - Wrist shot by David Legwand.
4:55 of 1st period - Deflect By Derek Boogaard.
4:55 of 1st period - Shot Misses the Net.
4:55 of 1st period - Puck is out of play.
4:56 of 1st period - Mikko Koivu wins face-off versus Tuomo Ruutu in Jets zone.
5:21 of 1st period - Marco Scandella is hit by David Legwand and loses puck.
5:34 of 1st period - Wrist shot by Brad Boyes.
5:34 of 1st period - Stopped by Kari Lehtonen with a rebound.
6:30 of 1st period - Wrist shot by Zack Hamill.
6:30 of 1st period - Stopped by Cam Ward without a rebound.
6:31 of 1st period - Zack Hamill wins face-off versus David Legwand in Sharks zone.
6:34 of 1st period - Snap shot by Zack Hamill.
6:34 of 1st period - Shot Blocked by Derek Boogaard.
7:26 of 1st period - Snap shot by Dustin Brown.
7:26 of 1st period - Shot Misses the Net.
7:48 of 1st period - Off-side.
7:49 of 1st period - David Legwand wins face-off versus Zack Hamill in neutral zone.
8:16 of 1st period - Michal Rozsival is hit by Tuomo Ruutu and loses puck.
8:39 of 1st period - Snap shot by Lee Stempniak.
8:39 of 1st period - Stopped by Cam Ward with a rebound.
8:41 of 1st period - Slapshot by Dmitri Kalinin.
8:41 of 1st period - Deflect By Derek Roy.
8:41 of 1st period - Shot Blocked by Kim Johnsson.
8:41 of 1st period - Puck is out of play.
8:42 of 1st period - David Legwand wins face-off versus Derek Roy in Sharks zone.
9:02 of 1st period - Wrist shot by Derek Roy.
9:02 of 1st period - Shot Misses the Net.
9:32 of 1st period - Wrist shot by Derek Roy.
9:32 of 1st period - Deflect By Derek Boogaard.
9:32 of 1st period - Shot Misses the Net.
9:32 of 1st period - Puck is out of play.
9:33 of 1st period - Mikko Koivu wins face-off versus Antoine Vermette in Sharks zone.
9:59 of 1st period - Mike Green is hit by Marco Scandella and loses puck.
10:11 of 1st period - Minor Penalty to Mike Green for High sticking.
10:12 of 1st period - Greg Campbell wins face-off versus Derek Roy in Sharks zone.
10:22 of 1st period - Wrist shot by Dustin Brown.
10:22 of 1st period - Shot Misses the Net.
10:24 of 1st period - Snap shot by Benoit Pouliot.
10:24 of 1st period - Shot Blocked by Boris Valabik.
10:26 of 1st period - Snap shot by Dmitri Kalinin.
10:26 of 1st period - Stopped by Cam Ward with a rebound.
10:38 of 1st period - Greg Campbell is hit by Jussi Jokinen and loses puck.
12:11 of 1st period - Penalty to Mike Green is over, Mike Green is back on ice.
12:17 of 1st period - Off-side.
12:18 of 1st period - Zack Hamill wins face-off versus Greg Campbell in neutral zone.
13:29 of 1st period - Snap shot by Derek Boogaard.
13:29 of 1st period - Deflect By Brad Boyes.
13:29 of 1st period - Stopped by Kari Lehtonen with a rebound.
13:39 of 1st period - Minor Penalty to Benoit Pouliot for Hooking.
13:40 of 1st period - David Legwand wins face-off versus Derek Roy in Jets zone.
14:05 of 1st period - Cal Clutterbuck is hit by Marco Scandella.
14:29 of 1st period - Derek Roy is hit by Derek Boogaard and loses puck.
15:33 of 1st period - Icing by David Legwand.
15:34 of 1st period - Derek Roy wins face-off versus David Legwand in Sharks zone.
15:39 of 1st period - Penalty to Benoit Pouliot is over, Benoit Pouliot is back on ice.
16:04 of 1st period - Off-side.
16:05 of 1st period - Derek Stepan wins face-off versus Patrick O'Sullivan in neutral zone.
16:30 of 1st period - Patrick O'Sullivan is hit by Dustin Brown and loses puck.
16:53 of 1st period - Wrist shot by Cal Clutterbuck.
16:53 of 1st period - Stopped by Kari Lehtonen with a rebound.
17:13 of 1st period - Slapshot by Tuomo Ruutu.
17:13 of 1st period - Shot Misses the Net.
17:23 of 1st period - Wrist shot by Dustin Brown.
17:23 of 1st period - Stopped by Cam Ward without a rebound.
17:24 of 1st period - Derek Roy wins face-off versus David Legwand in Sharks zone.
17:50 of 1st period - Lasse Kukkonen is hit by Michal Rozsival and loses puck.
18:11 of 1st period - Wrist shot by David Legwand.
18:11 of 1st period - Stopped by Kari Lehtonen with a rebound.
18:21 of 1st period - Ryane Clowe is hit by Derek Roy and loses puck.
18:42 of 1st period - Wrist shot by Jussi Jokinen.
18:42 of 1st period - Deflect By Nick Palmieri.
18:42 of 1st period - Shot Misses the Net.
18:42 of 1st period - Puck is out of play.
18:43 of 1st period - Derek Stepan wins face-off versus Antoine Vermette in Sharks zone.
18:46 of 1st period - Wrist shot by Eric Fehr.
18:46 of 1st period - Stopped by Cam Ward with a rebound.
18:57 of 1st period - Minor Penalty to Derek Stepan for Interference.
18:58 of 1st period - David Legwand wins face-off versus Derek Roy in Jets zone.
18:58 of 1st period - Slapshot by Mike Green.
18:58 of 1st period - Deflect By Derek Boogaard.
18:58 of 1st period - Stopped by Kari Lehtonen without a rebound.
18:59 of 1st period - Derek Boogaard wins face-off versus Derek Roy in Jets zone.
19:12 of 1st period - Wrist shot by Brad Boyes.
19:12 of 1st period - Stopped by Kari Lehtonen with a rebound.
19:14 of 1st period - Snap shot by Brad Boyes.
19:14 of 1st period - Shot Misses the Net.
19:28 of 1st period - Blake Wheeler is hit by Mike Green and loses puck.
19:43 of 1st period - Mark Streit is hit by Michael Rupp and loses puck.
Goals for this period are 2 for Sharks vs 0 for Jets.
Shots for this period are 14 for Sharks vs 8 for Jets.

2nd period


0:01 of 2nd period - Derek Roy wins face-off versus David Legwand in neutral zone.
0:08 of 2nd period - Snap shot by Derek Roy.
0:08 of 2nd period - Goal by Derek Roy - Sharks : 2 - Jets : 1.
0:09 of 2nd period - Brad Boyes wins face-off versus Derek Roy in neutral zone.
0:34 of 2nd period - David Legwand is hit by Greg Zanon and loses puck.
0:57 of 2nd period - Penalty to Derek Stepan is over, Derek Stepan is back on ice.
1:02 of 2nd period - Snap shot by Derek Roy.
1:02 of 2nd period - Stopped by Cam Ward with a rebound.
1:36 of 2nd period - Wrist shot by Derek Boogaard.
1:36 of 2nd period - Stopped by Kari Lehtonen without a rebound.
1:37 of 2nd period - Mikko Koivu wins face-off versus Antoine Vermette in Jets zone.
2:22 of 2nd period - Anton Volchenkov is hit by Cal Clutterbuck and loses puck.
2:52 of 2nd period - Slapshot by Lee Stempniak.
2:52 of 2nd period - Shot Misses the Net.
4:11 of 2nd period - Wrist shot by Derek Stepan.
4:11 of 2nd period - Shot Misses the Net.
4:28 of 2nd period - David Legwand is hit by Dustin Brown and loses puck.
4:36 of 2nd period - Minor Penalty to Michael Rupp for Hooking.
4:37 of 2nd period - Antoine Vermette wins face-off versus Derek Roy in Jets zone.
5:08 of 2nd period - Slapshot by Mike Green.
5:08 of 2nd period - Stopped by Kari Lehtonen with a rebound.
5:58 of 2nd period - Greg Zanon is hit by Cal Clutterbuck.
6:36 of 2nd period - Penalty to Michael Rupp is over, Michael Rupp is back on ice.
6:54 of 2nd period - Wrist shot by Greg Campbell.
6:54 of 2nd period - Shot Misses the Net.
7:09 of 2nd period - Snap shot by Lee Stempniak.
7:09 of 2nd period - Shot Blocked by Boris Valabik.
7:11 of 2nd period - Snap shot by Lee Stempniak.
7:11 of 2nd period - Shot Misses the Net.
7:37 of 2nd period - Greg Campbell is hit by Dmitri Kalinin and loses puck.
7:57 of 2nd period - Mike Green is hit by Blake Wheeler and loses puck.
8:15 of 2nd period - Icing by Andrej Sekera.
8:16 of 2nd period - Mikko Koivu wins face-off versus David Legwand in Sharks zone.
8:19 of 2nd period - Wrist shot by Michael Rupp.
8:19 of 2nd period - Stopped by Cam Ward without a rebound.
8:20 of 2nd period - Mikko Koivu wins face-off versus Cal Clutterbuck in Sharks zone.
9:08 of 2nd period - Snap shot by Nick Palmieri.
9:08 of 2nd period - Shot Blocked by Blake Wheeler.
9:10 of 2nd period - Wrist shot by Nick Palmieri.
9:10 of 2nd period - Stopped by Kari Lehtonen with a rebound.
9:28 of 2nd period - Snap shot by Cal Clutterbuck.
9:28 of 2nd period - Stopped by Kari Lehtonen with a rebound.
9:30 of 2nd period - Slapshot by Kim Johnsson.
9:30 of 2nd period - Stopped by Kari Lehtonen without a rebound.
9:30 of 2nd period - Minor Penalty to Kari Lehtonen for Slashing.
9:31 of 2nd period - David Legwand wins face-off versus Derek Roy in Jets zone.
9:34 of 2nd period - Snap shot by Derek Boogaard.
9:34 of 2nd period - Shot Blocked by Michal Rozsival.
9:42 of 2nd period - Wrist shot by Derek Boogaard.
9:42 of 2nd period - Shot Misses the Net.
9:44 of 2nd period - Slapshot by Derek Boogaard.
9:44 of 2nd period - Shot Blocked by Anton Volchenkov.
9:46 of 2nd period - Snap shot by Brad Boyes.
9:46 of 2nd period - Shot Misses the Net.
10:06 of 2nd period - Wrist shot by Cal Clutterbuck.
10:06 of 2nd period - Goal by Cal Clutterbuck - Sharks : 3 - Jets : 1.
10:07 of 2nd period - Derek Roy wins face-off versus David Legwand in neutral zone.
10:20 of 2nd period - Slapshot by Derek Roy.
10:20 of 2nd period - Shot Misses the Net.
10:22 of 2nd period - Snap shot by Blake Wheeler.
10:22 of 2nd period - Shot Blocked by David Legwand.
10:41 of 2nd period - Snap shot by Cal Clutterbuck.
10:41 of 2nd period - Deflect By Antoine Vermette.
10:41 of 2nd period - Shot Misses the Net.
10:41 of 2nd period - Puck is out of play.
10:42 of 2nd period - Mikko Koivu wins face-off versus Antoine Vermette in Jets zone.
11:12 of 2nd period - Snap shot by Derek Roy.
11:12 of 2nd period - Shot Blocked by Lasse Kukkonen.
11:14 of 2nd period - Wrist shot by Derek Roy.
11:14 of 2nd period - Stopped by Cam Ward with a rebound.
11:16 of 2nd period - Snap shot by Dmitri Kalinin.
11:16 of 2nd period - Stopped by Cam Ward without a rebound.
11:17 of 2nd period - Antoine Vermette wins face-off versus Derek Roy in Sharks zone.
11:26 of 2nd period - Slapshot by Cal Clutterbuck.
11:26 of 2nd period - Stopped by Kari Lehtonen with a rebound.
12:01 of 2nd period - Icing by Mikko Koivu.
12:02 of 2nd period - David Legwand wins face-off versus Mikko Koivu in Jets zone.
12:05 of 2nd period - Snap shot by Derek Boogaard.
12:05 of 2nd period - Deflect By Brad Boyes.
12:05 of 2nd period - Shot Misses the Net.
12:05 of 2nd period - Puck is out of play.
12:06 of 2nd period - David Legwand wins face-off versus Blake Wheeler in Jets zone.
12:09 of 2nd period - Slapshot by David Legwand.
12:09 of 2nd period - Shot Misses the Net.
12:11 of 2nd period - Snap shot by Brad Boyes.
12:11 of 2nd period - Shot Blocked by Michal Rozsival.
12:35 of 2nd period - Snap shot by Nick Palmieri.
12:35 of 2nd period - Stopped by Kari Lehtonen with a rebound.
12:37 of 2nd period - Wrist shot by Nick Palmieri.
12:37 of 2nd period - Stopped by Kari Lehtonen with a rebound.
12:39 of 2nd period - Slapshot by Kim Johnsson.
12:39 of 2nd period - Shot Blocked by Dmitri Kalinin.
12:41 of 2nd period - Snap shot by Nick Palmieri.
12:41 of 2nd period - Shot Misses the Net.
12:43 of 2nd period - Snap shot by Nick Palmieri.
12:43 of 2nd period - Stopped by Kari Lehtonen with a rebound.
13:17 of 2nd period - Derek Stepan is hit by David Legwand and loses puck.
13:56 of 2nd period - Wrist shot by Nick Palmieri.
13:56 of 2nd period - Stopped by Kari Lehtonen with a rebound.
13:58 of 2nd period - Wrist shot by Oskar Osala.
13:58 of 2nd period - Deflect By Jussi Jokinen.
13:58 of 2nd period - Shot Misses the Net.
13:58 of 2nd period - Puck is out of play.
13:59 of 2nd period - Greg Campbell wins face-off versus Michael Rupp in Jets zone.
14:11 of 2nd period - Minor Penalty to Greg Campbell for Roughing.
14:12 of 2nd period - Derek Roy wins face-off versus Antoine Vermette in Sharks zone.
14:16 of 2nd period - Wrist shot by Benoit Pouliot.
14:16 of 2nd period - Shot Misses the Net.
14:18 of 2nd period - Snap shot by Benoit Pouliot.
14:18 of 2nd period - Shot Blocked by Cal Clutterbuck.
14:20 of 2nd period - Snap shot by Dustin Brown.
14:20 of 2nd period - Shot Misses the Net.
14:22 of 2nd period - Slapshot by Dmitri Kalinin.
14:22 of 2nd period - Stopped by Cam Ward with a rebound.
14:39 of 2nd period - Icing by Jussi Jokinen.
14:40 of 2nd period - Antoine Vermette wins face-off versus Derek Stepan in Jets zone.
16:11 of 2nd period - Penalty to Greg Campbell is over, Greg Campbell is back on ice.
16:23 of 2nd period - Snap shot by Fredrik Sjostrom.
16:23 of 2nd period - Deflect By Zack Hamill.
16:23 of 2nd period - Stopped by Cam Ward with a rebound.
16:39 of 2nd period - Patrick O'Sullivan is hit by Mikko Koivu and loses puck.
17:27 of 2nd period - Icing by Patrick O'Sullivan.
17:28 of 2nd period - Patrick O'Sullivan wins face-off versus Mikko Koivu in Sharks zone.
17:35 of 2nd period - Dustin Brown is hit by Lasse Kukkonen and loses puck.
18:09 of 2nd period - Minor Penalty to Ryane Clowe for Slashing.
18:10 of 2nd period - Derek Roy wins face-off versus Greg Campbell in Sharks zone.
18:19 of 2nd period - Wrist shot by Dustin Brown.
18:19 of 2nd period - Shot Misses the Net.
18:53 of 2nd period - Snap shot by Anton Volchenkov.
18:53 of 2nd period - Shot Blocked by Derek Boogaard.
18:55 of 2nd period - Wrist shot by Blake Wheeler.
18:55 of 2nd period - Deflect By Antoine Vermette.
18:55 of 2nd period - Stopped by Cam Ward without a rebound.
18:56 of 2nd period - Greg Campbell wins face-off versus Derek Stepan in Sharks zone.
19:29 of 2nd period - Snap shot by Derek Boogaard.
19:29 of 2nd period - Shot Misses the Net.
Goals for this period are 1 for Sharks vs 1 for Jets.
Shots for this period are 11 for Sharks vs 8 for Jets.

3rd period


0:01 of 3rd period - Benoit Pouliot wins face-off versus Greg Campbell in neutral zone.
0:09 of 3rd period - Penalty to Ryane Clowe is over, Ryane Clowe is back on ice.
0:12 of 3rd period - Snap shot by Benoit Pouliot.
0:12 of 3rd period - Stopped by Cam Ward with a rebound.
0:14 of 3rd period - Wrist shot by Benoit Pouliot.
0:14 of 3rd period - Goal by Benoit Pouliot - Sharks : 3 - Jets : 2.
0:15 of 3rd period - David Legwand wins face-off versus Blake Wheeler in neutral zone.
0:18 of 3rd period - Derek Roy is hit by Lasse Kukkonen and loses puck.
0:25 of 3rd period - Snap shot by Brad Boyes.
0:25 of 3rd period - Stopped by Kari Lehtonen without a rebound.
0:26 of 3rd period - Derek Roy wins face-off versus David Legwand in Jets zone.
0:31 of 3rd period - Slapshot by Blake Wheeler.
0:31 of 3rd period - Shot Misses the Net.
0:33 of 3rd period - Slapshot by Marco Scandella.
0:33 of 3rd period - Stopped by Cam Ward without a rebound.
0:34 of 3rd period - Derek Roy wins face-off versus David Legwand in Sharks zone.
0:34 of 3rd period - Derek Roy is hit by Mike Green.
0:41 of 3rd period - Minor Penalty to Lasse Kukkonen for Slashing.
0:42 of 3rd period - Cal Clutterbuck wins face-off versus Derek Roy in Sharks zone.
0:42 of 3rd period - Cal Clutterbuck is hit by Anton Volchenkov.
0:57 of 3rd period - Wrist shot by Derek Roy.
0:57 of 3rd period - Stopped by Cam Ward without a rebound.
0:58 of 3rd period - Greg Campbell wins face-off versus Derek Roy in Sharks zone.
1:09 of 3rd period - Snap shot by Derek Roy.
1:09 of 3rd period - Shot Blocked by Kim Johnsson.
2:41 of 3rd period - Penalty to Lasse Kukkonen is over, Lasse Kukkonen is back on ice.
3:40 of 3rd period - Off-side.
3:41 of 3rd period - Mikko Koivu wins face-off versus Patrick O'Sullivan in neutral zone.
4:04 of 3rd period - Wrist shot by Derek Stepan.
4:04 of 3rd period - Stopped by Cam Ward with a rebound.
4:06 of 3rd period - Snap shot by Jussi Jokinen.
4:06 of 3rd period - Shot Misses the Net.
4:08 of 3rd period - Wrist shot by Derek Stepan.
4:08 of 3rd period - Stopped by Cam Ward with a rebound.
4:10 of 3rd period - Snap shot by Derek Stepan.
4:10 of 3rd period - Shot Blocked by Kim Johnsson.
4:12 of 3rd period - Slapshot by Marco Scandella.
4:12 of 3rd period - Shot Blocked by Mark Streit.
4:14 of 3rd period - Wrist shot by Jussi Jokinen.
4:14 of 3rd period - Shot Misses the Net.
4:26 of 3rd period - Cal Clutterbuck is hit by Blake Wheeler and loses puck.
4:49 of 3rd period - Michael Rupp is hit by Andrej Sekera and loses puck.
4:54 of 3rd period - Wrist shot by Brad Boyes.
4:54 of 3rd period - Shot Blocked by Michal Rozsival.
4:56 of 3rd period - Slapshot by Lasse Kukkonen.
4:56 of 3rd period - Stopped by Kari Lehtonen without a rebound.
4:57 of 3rd period - Derek Roy wins face-off versus David Legwand in Jets zone.
4:57 of 3rd period - Derek Roy is hit by David Legwand.
5:17 of 3rd period - Derek Boogaard is hit by Benoit Pouliot and loses puck.
5:34 of 3rd period - Snap shot by Antoine Vermette.
5:34 of 3rd period - Stopped by Kari Lehtonen without a rebound.
5:35 of 3rd period - Antoine Vermette wins face-off versus Mikko Koivu in Jets zone.
5:38 of 3rd period - Slapshot by Antoine Vermette.
5:38 of 3rd period - Deflect By Cal Clutterbuck.
5:38 of 3rd period - Stopped by Kari Lehtonen without a rebound.
5:39 of 3rd period - Mikko Koivu wins face-off versus Antoine Vermette in Jets zone.
6:16 of 3rd period - Icing by Greg Campbell.
6:17 of 3rd period - Derek Roy wins face-off versus Greg Campbell in Sharks zone.
6:18 of 3rd period - Snap shot by Benoit Pouliot.
6:18 of 3rd period - Deflect By Derek Roy.
6:18 of 3rd period - Stopped by Cam Ward with a rebound.
6:22 of 3rd period - Wrist shot by Derek Roy.
6:22 of 3rd period - Shot Misses the Net.
6:24 of 3rd period - Slapshot by Benoit Pouliot.
6:24 of 3rd period - Stopped by Cam Ward without a rebound.
6:25 of 3rd period - Blake Wheeler wins face-off versus David Legwand in Sharks zone.
6:26 of 3rd period - Slapshot by Benoit Pouliot.
6:26 of 3rd period - Deflect By Derek Roy.
6:26 of 3rd period - Shot Blocked by Lasse Kukkonen.
6:26 of 3rd period - Puck is out of play.
6:27 of 3rd period - David Legwand wins face-off versus Derek Roy in Sharks zone.
6:44 of 3rd period - Brad Boyes is hit by Michal Rozsival and loses puck.
6:49 of 3rd period - Slapshot by Derek Roy.
6:49 of 3rd period - Stopped by Cam Ward with a rebound.
6:51 of 3rd period - Wrist shot by Blake Wheeler.
6:51 of 3rd period - Deflect By Benoit Pouliot.
6:51 of 3rd period - Stopped by Cam Ward without a rebound.
6:52 of 3rd period - Antoine Vermette wins face-off versus Mikko Koivu in Sharks zone.
6:52 of 3rd period - Antoine Vermette is hit by Marco Scandella.
7:06 of 3rd period - Snap shot by Ryane Clowe.
7:06 of 3rd period - Shot Misses the Net.
7:08 of 3rd period - Wrist shot by Mark Streit.
7:08 of 3rd period - Shot Misses the Net.
7:14 of 3rd period - Minor Penalty to Marco Scandella for Holding.
7:15 of 3rd period - David Legwand wins face-off versus Derek Roy in Jets zone.
9:08 of 3rd period - Icing by Tuomo Ruutu.
9:09 of 3rd period - Derek Roy wins face-off versus Antoine Vermette in Sharks zone.
9:14 of 3rd period - Penalty to Marco Scandella is over, Marco Scandella is back on ice.
9:47 of 3rd period - Tuomo Ruutu is hit by Dustin Brown and loses puck.
10:52 of 3rd period - Snap shot by Zack Hamill.
10:52 of 3rd period - Stopped by Cam Ward with a rebound.
10:54 of 3rd period - Snap shot by Marco Scandella.
10:54 of 3rd period - Shot Blocked by Greg Campbell.
10:58 of 3rd period - Snap shot by Lee Stempniak.
10:58 of 3rd period - Stopped by Cam Ward without a rebound.
10:59 of 3rd period - Zack Hamill wins face-off versus Greg Campbell in Sharks zone.
11:35 of 3rd period - Minor Penalty to Oskar Osala for Goalie Interference.
11:36 of 3rd period - Cal Clutterbuck wins face-off versus Derek Roy in Sharks zone.
12:00 of 3rd period - Kim Johnsson is hit by Anton Volchenkov and loses puck.
13:35 of 3rd period - Penalty to Oskar Osala is over, Oskar Osala is back on ice.
14:09 of 3rd period - Minor Penalty to Oskar Osala for Kneeing.
14:10 of 3rd period - Derek Roy wins face-off versus Greg Campbell in Sharks zone.
14:26 of 3rd period - Slapshot by Antoine Vermette.
14:26 of 3rd period - Stopped by Kari Lehtonen with a rebound.
16:09 of 3rd period - Penalty to Oskar Osala is over, Oskar Osala is back on ice.
16:15 of 3rd period - Off-side.
16:16 of 3rd period - Mikko Koivu wins face-off versus Derek Boogaard in neutral zone.
16:21 of 3rd period - Wrist shot by Mikko Koivu.
16:21 of 3rd period - Shot Misses the Net.
16:23 of 3rd period - Slapshot by Michael Rupp.
16:23 of 3rd period - Stopped by Cam Ward with a rebound.
16:27 of 3rd period - Snap shot by Michael Rupp.
16:27 of 3rd period - Shot Misses the Net.
17:04 of 3rd period - Boris Valabik is hit by Dustin Brown and loses puck.
17:58 of 3rd period - Fredrik Sjostrom is hit by Ryane Clowe and loses puck.
18:10 of 3rd period - Icing by Anton Volchenkov.
18:11 of 3rd period - Antoine Vermette wins face-off versus Zack Hamill in Jets zone.
18:11 of 3rd period - Mike Green is hit by Zack Hamill and loses puck.
18:28 of 3rd period - Snap shot by Blake Wheeler.
18:28 of 3rd period - Shot Blocked by Greg Campbell.
18:33 of 3rd period - Off-side.
18:34 of 3rd period - Brad Boyes wins face-off versus Derek Stepan in neutral zone.
18:40 of 3rd period - Minor Penalty to Derek Stepan for Hooking.
18:41 of 3rd period - David Legwand wins face-off versus Derek Roy in Jets zone.
18:41 of 3rd period - Slapshot by Brad Boyes.
18:41 of 3rd period - Shot Misses the Net.
18:43 of 3rd period - Snap shot by David Legwand.
18:43 of 3rd period - Goal by David Legwand - Sharks : 4 - Jets : 2.
18:44 of 3rd period - Greg Campbell wins face-off versus Derek Stepan in neutral zone.
18:57 of 3rd period - Wrist shot by Derek Stepan.
18:57 of 3rd period - Stopped by Cam Ward with a rebound.
18:59 of 3rd period - Slapshot by Marco Scandella.
18:59 of 3rd period - Stopped by Cam Ward with a rebound.
19:32 of 3rd period - Wrist shot by Antoine Vermette.
19:32 of 3rd period - Shot Blocked by Benoit Pouliot.
19:34 of 3rd period - Slapshot by Lasse Kukkonen.
19:34 of 3rd period - Shot Blocked by Benoit Pouliot.
19:48 of 3rd period - Snap shot by Fredrik Sjostrom.
19:48 of 3rd period - Stopped by Cam Ward with a rebound.
19:51 of 3rd period - Icing by Kim Johnsson.
19:52 of 3rd period - Antoine Vermette wins face-off versus Derek Roy in Sharks zone.
19:52 of 3rd period - Antoine Vermette is hit by Benoit Pouliot.
Goals for this period are 1 for Sharks vs 1 for Jets.
Shots for this period are 6 for Sharks vs 16 for Jets.